 Dungeon Crawl Stone Soup version 0.30-a0-393-g54b8e3be05 (webtiles) character file.

Game seed: 14222554397767574918

226 lunkers the Twirler (level 6, -1/48 HPs)
             Began as a Meteoran Gladiator on Dec 5, 2022.
             Slain by a hobgoblin (4 damage)
             ... led by Robin
             ... on level 4 of the Dungeon.
             The game lasted 00:02:53 (937 turns).

lunkers the Twirler (Meteoran Gladiator)             Turns: 937, Time: 00:02:54

Health: -1/48      AC:  4    Str: 18    XL:     6   Next: 46%
Magic:  7/7        EV: 13    Int:  9    God:
Gold:   201        SH:  0    Dex: 16    Spells: 5/5 levels left

rFire   . . .      SeeInvis .    a - +0 quarterstaff
rCold   . . .      Faith    .    (shield currently unavailable)
rNeg    . . .      Spirit   .    b - +0 leather armour
rPois   .          Reflect  .    c - +0 helmet
rElec   .          Harm     .    (no cloak)
rCorr   .          Rampage  .    (no gloves)
Will    .....                    (no boots)
Stlth   +.........               (no amulet)
HPRegen 0.28/turn                (no ring)
MPRegen 0.10/turn                (no ring)

@: glowing
A: sense surroundings 1, otherworldly, glowing, explore regen
a: no special abilities


You were on level 4 of the Dungeon.
You visited 1 branch of the dungeon, and saw 4 of its levels.

You collected 201 gold pieces.

Inventory:

Hand Weapons
 a - a +0 quarterstaff (weapon)
Missiles
 d - 3 throwing nets
 e - a javelin
Armour
 b - a +0 leather armour (worn)
 c - a +0 helmet (worn)
Wands
 m - a wand of acid (10)
Scrolls
 h - 5 scrolls of identify {unknown}
 j - a scroll of enchant weapon {unknown}
 k - a scroll of immolation {unknown}
 l - a scroll of noise {unknown}
Potions
 f - a potion of curing {unknown}
 g - a potion of brilliance {unknown}
 i - a potion of lignification {unknown}


   Skills:
 - Level 2.1 Fighting
 + Level 7.8 Staves
 - Level 2.4 Throwing
 - Level 3.6 Dodging


You had 5 spell levels left.
You didn't know any spells.
Your spell library was empty.

Dungeon Overview and Level Annotations

Branches:
Dungeon (4/15) Zot: 1461
 Temple: D:4-7

Altars:

Shops:
D:2 (


Innate Abilities, Weirdness & Mutations

You passively map a small area around you.
You are easily found by Zot.
You glow in the dark.
You regain HP and MP as you explore.


Message History

Things that are here:
a hobgoblin corpse; a hobgoblin corpse; a hobgoblin corpse You closely miss the goblin.
Robin roars a battlecry!
The goblins go into a battle-frenzy!
A hobgoblin comes into view.
The goblin hits you with a +0 dagger.
* * * LOW HITPOINT WARNING * * *
The goblin hits you with a +0 dagger.
* * * LOW HITPOINT WARNING * * *
You sock the goblin!
You kill the goblin!
The hobgoblin no longer looks unusually strong.
Robin roars a battlecry!
The hobgoblin goes into a battle-frenzy!
The goblin hits you with a +0 dagger.
* * * LOW HITPOINT WARNING * * *
Okay, then.
You barely miss Robin.
Robin says, "Kneel, worm!"
Robin barely misses you. The goblin barely misses you.
You hit Robin but do no damage. Robin throws the goblin at you!
The goblin barely misses you.
You completely miss Robin. Robin completely misses you. The goblin misses you.
You sock Robin!
Robin is heavily wounded.
The hobgoblin misses you. The goblin hits you with a +0 dagger.
* * * LOW HITPOINT WARNING * * *
Robin hits you but does no damage.
You sock Robin!
You kill Robin!
The goblin completely misses you. The hobgoblin hits you.
* * * LOW HITPOINT WARNING * * *
You hit the hobgoblin.
The hobgoblin is heavily wounded.
The hobgoblin barely misses you. The goblin hits you but does no damage.
You hit the hobgoblin but do no damage.
The hobgoblin is heavily wounded.
The hobgoblin hits you.
You die...

*, #.#......#.....<...
#..#....#.....)>...
#...#..#........... ,
#....##.....###..##
*#....##.....###..##
#...#.###....##....
#).#..# ####......#
#g#...######......# ,
##@..###..........#
,#g)..#*#.###.....(.
...#...# ...........
,#.#...#..#*###........
.. .....#.# ##.......
## ...... .# #.......
###### ## #.......
#######. ##


You could see a hobgoblin (strong) and a goblin (strong).

Vanquished Creatures
  An orc priest (D:4)
  3 orc wizards
  Robin (D:4)
  2 adders
  A worm (D:2)
  A dart slug (D:1)
  6 orcs
  6 endoplasms
  6 giant cockroaches
  6 goblins
  13 hobgoblins
  10 jackals
  2 kobolds (D:4)
  2 quokkas
  8 ball pythons
  3 bats
  3 frilled lizards
  A rat (D:2)
75 creatures vanquished.

Vanquished Creatures (others)
  6 plants (D:2)
6 creatures vanquished.

Grand Total: 81 creatures vanquished

Notes
Turn   | Place    | Note
-------+----------+-------------------------------------------
     0 | D:1      | lunkers the Meteoran Gladiator began the quest for the Orb.
     0 | D:1      | Reached XP level 1. HP: 17/17 MP: 2/2
   118 | D:1      | Reached skill level 4 in Staves
   120 | D:1      | Reached XP level 2. HP: 22/24 MP: 3/3
   270 | D:2      | Reached XP level 3. HP: 18/29 MP: 4/4
   279 | D:2      | Reached skill level 5 in Staves
   297 | D:2      | Found Gom Jops's Weapon Shoppe.
   469 | D:2      | Reached XP level 4. HP: 36/36 MP: 5/5
   604 | D:3      | Reached skill level 6 in Staves
   617 | D:3      | Reached XP level 5. HP: 20/41 MP: 6/6
   749 | D:4      | Reached skill level 7 in Staves
   758 | D:4      | Reached XP level 6. HP: 29/48 MP: 7/7
   905 | D:4      | Noticed Robin
   935 | D:4      | Killed Robin
   935 | D:4      | HP: 2/48 [hobgoblin[Robin] (4)]
   937 | D:4      | Slain by a hobgoblin

Illustrated notes

Levels and vault maps discovered:
D:1:      dpeg_arrival_stone_temple_mockup, layout_loops_ring
D:2:      layout_rooms, serial_shops, shop, serial_bayou_ford_a
D:3:      layout_basic
D:4:      layout_rooms, cheibrodos_sewer_entry_bend, hangedman_decor_slide_cut,
          uniq_robin

Skill      XL: |  1  2  3  4  5 |
---------------+----------------+-----
Staves         | 4 5 6 7 |  7.8
Fighting       | |  2.1
Throwing       | |  2.4
Dodging        | |  3.6

Action                   |  1- 3 |  4- 6 || total
-------------------------+-------+-------++-------
Melee: Quarterstaff      |    71 |   150 ||   221
Armor: Leather armour    |    24 |    43 ||    67
Dodge: Dodged            |    33 |    94 ||   127

Table legend: (Time is in decaauts)
 A = Elapsed time spent in this place.
 B = Non-inter-level travel time spent in this place.
 C = Inter-level travel time spent in this place.
 D = Time resting spent in this place.
 E = Time spent auto-exploring this place.
 F = Levels seen in this place.
 G = Mean time per level.
                   A        B        C        D        E       F      G
               +--------+--------+--------+--------+--------+-----+--------+
         Total |    937 |    896 |     41 |      0 |    493 |   4 |  234.2 |
       Dungeon |    937 |    896 |     41 |      0 |    493 |   4 |  234.2 |
               +--------+--------+--------+--------+--------+-----+--------+

Top non-repeatable levels by time:
     D:2: 324 daAuts
     D:4: 242 daAuts
     D:1: 239 daAuts
     D:3: 130 daAuts
